TOP OF THE 1ST |
Georgia Bulldogs batting - Pitching for Maryland Terrapins : LHP Brad Brown
|
Pitching: LHP Brad Brown
|
|
Batting: RHB Francisco Rodríguez
|
0-0: Ball 1-0: Fly out, F3 (Popup, 34S)
|
Batting: RHB John Dyer
|
0-0: Ball 1-0: Fly out, F3 (Popup, 3F)
|
Batting: RHB Nick Harris
|
0-0: Ball 1-0: Ball 2-0: Called Strike 2-1: Reached on error, E4 (Groundball, 4)
|
Batting: RHB Félix Castro
|
0-0: Foul Ball, location: 2F 0-1: Ball 1-1: Ball Nick Harris is caught stealing 2nd base
|
Top of the 1st over - 0 run(s), 0 hit(s), 1 error(s), 0 left on base; Georgia 0 - Maryland 0 |
BOTTOM OF THE 1ST |
Maryland Terrapins batting - Pitching for Georgia Bulldogs : LHP Luis Morales
|
Pitching: LHP Luis Morales
|
|
Batting: SHB Caden Keith
|
0-0: Ball 1-0: Ball 2-0: Ball 3-0: Called Strike 3-1: Base on Balls
|
Batting: RHB Glenn Carroll
|
0-0: Ball 1-0: Ball 2-0: Foul Ball, location: 2F 2-1: Swinging Strike 2-2: Fly out, F8 (Flyball, 8LM)
|
Batting: LHB Armando Torres
|
0-0: Foul Ball, location: 2F 0-1: Swinging Strike 0-2: Strikes out swinging Caden Keith steals 2nd base Batter strikes out.
|
Batting: SHB Frank Johnston
|
0-0: SINGLE (Line Drive, 7LS) Caden Keith to third
|
Batting: SHB Tom Johnson
|
0-0: Ball 1-0: Foul Ball, location: 2F 1-1: Ball 2-1: Foul Ball, location: 2F 2-2: Ball 3-2: 3-RUN HOME RUN (Flyball, 78XD), Distance : 373 ft
|
Batting: RHB Jesús López
|
0-0: Called Strike 0-1: Ball 1-1: Ball 2-1: Foul Ball, location: 2F 2-2: Foul Ball, location: 2F 2-2: Strikes out swinging
|
Bottom of the 1st over - 3 run(s), 2 hit(s), 0 error(s), 0 left on base; Georgia 0 - Maryland 3 |
TOP OF THE 2ND |
Georgia Bulldogs batting - Pitching for Maryland Terrapins : LHP Brad Brown
|
Batting: RHB Félix Castro
|
0-0: Ball 1-0: Ball 2-0: Fly out, F8 (Flyball, 8LM)
|
Batting: RHB Jeremiah Soto
|
0-0: Ball 1-0: Swinging Strike 1-1: Ball 2-1: Ground out U3 (Groundball, 3S)
|
Batting: RHB Dan Bailey
|
0-0: Swinging Strike 0-1: Foul Ball, location: 2F 0-2: Foul Ball, location: 2F 0-2: Foul Ball, location: 2F 0-2: Fly out, F1 (Line Drive, 13S)
|
Top of the 2nd over - 0 run(s), 0 hit(s), 0 error(s), 0 left on base; Georgia 0 - Maryland 3 |
BOTTOM OF THE 2ND |
Maryland Terrapins batting - Pitching for Georgia Bulldogs : LHP Luis Morales
|
Batting: RHB Jorge Álvarez
|
0-0: Foul Ball, location: 2F 0-1: Swinging Strike 0-2: Strikes out swinging
|
Batting: RHB Pedro Echevarría
|
0-0: Foul Ball, location: 2F 0-1: Ground out 6-3 (Groundball, 56)
|
Batting: RHB Bill Smith
|
0-0: Foul Ball, location: 2F 0-1: Ball 1-1: Swinging Strike 1-2: Foul Ball, location: 2F 1-2: Fly out, F3 (Popup, 3DF)
|
Bottom of the 2nd over - 0 run(s), 0 hit(s), 0 error(s), 0 left on base; Georgia 0 - Maryland 3 |
TOP OF THE 3RD |
Georgia Bulldogs batting - Pitching for Maryland Terrapins : LHP Brad Brown
|
Batting: RHB Alex Whitehead
|
0-0: Foul Ball, location: 2F 0-1: Foul Ball, location: 2F 0-2: Foul Ball, location: 2F 0-2: Foul Ball, location: 2F 0-2: Strikes out looking
|
Batting: LHB Marv Alexander
|
0-0: Ground out 1-3 (Groundball, 15)
|
Batting: RHB Bryce Dougherty
|
0-0: Ball 1-0: Ball 2-0: Ball 3-0: Base on Balls
|
Batting: RHB Francisco Rodríguez
|
0-0: Ball 1-0: Ground out 6-3 (Groundball, 6S)
|
Top of the 3rd over - 0 run(s), 0 hit(s), 0 error(s), 1 left on base; Georgia 0 - Maryland 3 |
BOTTOM OF THE 3RD |
Maryland Terrapins batting - Pitching for Georgia Bulldogs : LHP Luis Morales
|
Batting: SHB Caden Keith
|
0-0: Fly out, F8 (Flyball, 8RM)
|
Batting: RHB Glenn Carroll
|
0-0: Ball 1-0: Foul Ball, location: 2F 1-1: Called Strike 1-2: Foul Ball, location: 2F 1-2: Foul Ball, location: 2F 1-2: Strikes out swinging
|
Batting: LHB Armando Torres
|
0-0: Called Strike 0-1: Ball 1-1: Hit by Pitch
|
Batting: SHB Frank Johnston
|
0-0: Ball 1-0: Ball Armando Torres steals 2nd base 2-0: Called Strike 2-1: Swinging Strike 2-2: Foul Ball, location: 2F 2-2: Ball 3-2: Strikes out swinging
|
Bottom of the 3rd over - 0 run(s), 0 hit(s), 0 error(s), 1 left on base; Georgia 0 - Maryland 3 |
TOP OF THE 4TH |
Georgia Bulldogs batting - Pitching for Maryland Terrapins : LHP Brad Brown
|
Batting: RHB John Dyer
|
0-0: Foul Ball, location: 2F 0-1: Ball 1-1: Swinging Strike 1-2: Ball 2-2: Ball 3-2: Fly out, F8 (Flyball, 8RM)
|
Batting: RHB Nick Harris
|
0-0: Foul Ball, location: 2F 0-1: Ball 1-1: Foul Ball, location: 2F 1-2: SINGLE (Flyball, 78S)
|
Batting: RHB Félix Castro
|
0-0: Foul Ball, location: 2F 0-1: DOUBLE (Flyball, 89M) Nick Harris to third
|
Batting: RHB Jeremiah Soto
|
0-0: Ball 1-0: Ball 2-0: 3-RUN HOME RUN (Flyball, 7D), Distance : 358 ft
|
Batting: RHB Dan Bailey
|
0-0: SINGLE (Line Drive, 6MD)
|
Batting: RHB Alex Whitehead
|
0-0: Ball 1-0: Ball 2-0: Ball 3-0: Called Strike 3-1: Foul Ball, location: 2F 3-2: Foul Ball, location: 2F 3-2: Foul Ball, location: 2F 3-2: Base on Balls Dan Bailey to second
|
Batting: LHB Marv Alexander
|
0-0: Ball 1-0: Ball 2-0: Foul Ball, location: 2F 2-1: Ball 3-1: Foul Ball, location: 2F 3-2: Foul Ball, location: 2F 3-2: Foul Ball, location: 2F 3-2: Base on Balls Dan Bailey to third Alex Whitehead to second
|
Batting: RHB Bryce Dougherty
|
0-0: Ball 1-0: Called Strike 1-1: Swinging Strike 1-2: Ball 2-2: Foul Ball, location: 2F 2-2: Strikes out swinging
|
Batting: RHB Francisco Rodríguez
|
0-0: Called Strike 0-1: Foul Ball, location: 2F 0-2: Ground out 6-3 (Groundball, 6)
|
Top of the 4th over - 3 run(s), 4 hit(s), 0 error(s), 3 left on base; Georgia 3 - Maryland 3 |
BOTTOM OF THE 4TH |
Maryland Terrapins batting - Pitching for Georgia Bulldogs : LHP Luis Morales
|
Batting: SHB Tom Johnson
|
0-0: Called Strike 0-1: Foul Ball, location: 2F 0-2: Ball 1-2: Ball 2-2: SINGLE (Groundball, 6MD)
|
Batting: RHB Jesús López
|
0-0: Ball 1-0: Fielders Choice at 2nd, 5-4 (Groundball, 56)
|
Batting: RHB Jorge Álvarez
|
0-0: Ball 1-0: Grounds into double play, 6-4-3 (Groundball, 6)
|
Bottom of the 4th over - 0 run(s), 1 hit(s), 0 error(s), 0 left on base; Georgia 3 - Maryland 3 |
TOP OF THE 5TH |
Georgia Bulldogs batting - Pitching for Maryland Terrapins : LHP Brad Brown
|
Batting: RHB John Dyer
|
0-0: Called Strike 0-1: Ball 1-1: Called Strike 1-2: Ball 2-2: SINGLE (Line Drive, 8LS)
|
Pitching: LHP Luis Luján
|
|
Batting: RHB Nick Harris
|
0-0: Ball 1-0: 2-RUN HOME RUN (Flyball, 7D), Distance : 342 ft
|
Batting: RHB Félix Castro
|
0-0: DOUBLE (Line Drive, 8RS)
|
Batting: RHB Jeremiah Soto
|
0-0: Ball 1-0: Called Strike 1-1: SINGLE (Groundball, 4M) Félix Castro to third
|
Batting: RHB Dan Bailey
|
0-0: Swinging Strike 0-1: Fly out, F9 (Flyball, 9LM) Runner from 3rd tags up, SCORES, throw made
|
Batting: RHB Alex Whitehead
|
0-0: Ball 1-0: Fly out, F7 (Flyball, 78M)
|
Batting: LHB Marv Alexander
|
0-0: Ball 1-0: SINGLE (Flyball, 8LS) Jeremiah Soto to second
|
Batting: RHB Bryce Dougherty
|
0-0: Fly out, F3 (Popup, 4S)
|
Top of the 5th over - 3 run(s), 5 hit(s), 0 error(s), 2 left on base; Georgia 6 - Maryland 3 |
BOTTOM OF THE 5TH |
Maryland Terrapins batting - Pitching for Georgia Bulldogs : LHP Luis Morales
|
Batting: RHB Pedro Echevarría
|
0-0: Called Strike 0-1: Swinging Strike 0-2: Hit by Pitch
|
Batting: RHB Bill Smith
|
0-0: Ball 1-0: Called Strike 1-1: Ball 2-1: Ground out 5-3 (Groundball, 5S) Pedro Echevarría to second
|
Batting: SHB Caden Keith
|
0-0: Fly out, F7 (Line Drive, 78M)
|
Batting: RHB Glenn Carroll
|
0-0: Ball 1-0: Ball 2-0: Foul Ball, location: 2F 2-1: Ball 3-1: Called Strike 3-2: Fly out, F7 (Flyball, 78M)
|
Bottom of the 5th over - 0 run(s), 0 hit(s), 0 error(s), 1 left on base; Georgia 6 - Maryland 3 |
TOP OF THE 6TH |
Georgia Bulldogs batting - Pitching for Maryland Terrapins : LHP Luis Luján
|
Batting: RHB Francisco Rodríguez
|
0-0: Swinging Strike 0-1: Ball 1-1: Foul Ball, location: 2F 1-2: Ball 2-2: SINGLE (Line Drive, 6D)
|
Batting: RHB John Dyer
|
0-0: Called Strike Francisco Rodríguez steals 2nd base 0-1: Ball 1-1: SINGLE (Groundball, 56) Francisco Rodríguez to third Runner from 3rd tries for Home, SAFE, no throw or cutoff
|
Pitching: RHP Gregory Martínez
|
|
Batting: RHB Nick Harris
|
0-0: Foul Ball, location: 2F 0-1: Ball 1-1: Ball 2-1: Ball 3-1: Base on Balls John Dyer to second
|
Batting: RHB Félix Castro
|
0-0: Ball 1-0: Ball 2-0: Swinging Strike 2-1: Foul Ball, location: 2F 2-2: 3-RUN HOME RUN (Line Drive, 89XD), Distance : 368 ft
|
Batting: RHB Jeremiah Soto
|
0-0: Swinging Strike 0-1: Foul Ball, location: 2F 0-2: Ball 1-2: Ball 2-2: Strikes out swinging
|
Batting: RHB Dan Bailey
|
0-0: Ball 1-0: Called Strike 1-1: Called Strike 1-2: Strikes out swinging
|
Batting: RHB Alex Whitehead
|
0-0: Called Strike 0-1: Ball 1-1: SINGLE (Groundball, 56D)
|
Batting: LHB Marv Alexander
|
0-0: Ball 1-0: Called Strike 1-1: Called Strike 1-2: Ground out 6-3 (Groundball, 6)
|
Top of the 6th over - 4 run(s), 4 hit(s), 0 error(s), 1 left on base; Georgia 10 - Maryland 3 |
BOTTOM OF THE 6TH |
Maryland Terrapins batting - Pitching for Georgia Bulldogs : LHP Luis Morales
|
Batting: LHB Armando Torres
|
0-0: Called Strike 0-1: Fly out, F7 (Flyball, 78M)
|
Batting: SHB Frank Johnston
|
0-0: Foul Ball, location: 2F 0-1: Foul Ball, location: 2F 0-2: Ball 1-2: Strikes out swinging
|
Batting: SHB Tom Johnson
|
0-0: Called Strike 0-1: Called Strike 0-2: Ground out 6-3 (Groundball, 6S)
|
Bottom of the 6th over - 0 run(s), 0 hit(s), 0 error(s), 0 left on base; Georgia 10 - Maryland 3 |
TOP OF THE 7TH |
Georgia Bulldogs batting - Pitching for Maryland Terrapins : RHP Gregory Martínez
|
Pitching: RHP Tommy Holmes
|
|
Batting: RHB Bryce Dougherty
|
0-0: Foul Ball, location: 2F 0-1: Ball 1-1: Fly out, F8 (Line Drive, 8RM)
|
Batting: RHB Francisco Rodríguez
|
0-0: Ball 1-0: Foul Ball, location: 2F 1-1: Ball 2-1: DOUBLE (Flyball, 8RM)
|
Batting: RHB John Dyer
|
0-0: Called Strike 0-1: Ground out 5-3 (Groundball, 5)
|
Batting: RHB Nick Harris
|
0-0: Called Strike 0-1: Ball 1-1: Called Strike 1-2: Ball 2-2: Strikes out swinging
|
Top of the 7th over - 0 run(s), 1 hit(s), 0 error(s), 1 left on base; Georgia 10 - Maryland 3 |
BOTTOM OF THE 7TH |
Maryland Terrapins batting - Pitching for Georgia Bulldogs : LHP Luis Morales
|
Pitching: RHP Stan Roberts
|
|
Batting: RHB Jesús López
|
0-0: Ball 1-0: Fly out, F4 (Line Drive, 4)
|
Batting: RHB Jorge Álvarez
|
0-0: Called Strike 0-1: Ground out 1-3 (Groundball, 15)
|
Batting: RHB Pedro Echevarría
|
0-0: Foul Ball, location: 2F 0-1: Ball 1-1: Swinging Strike 1-2: Ball 2-2: Strikes out swinging
|
Bottom of the 7th over - 0 run(s), 0 hit(s), 0 error(s), 0 left on base; Georgia 10 - Maryland 3 |
TOP OF THE 8TH |
Georgia Bulldogs batting - Pitching for Maryland Terrapins : RHP Tommy Holmes
|
Batting: RHB Félix Castro
|
0-0: Called Strike 0-1: Ball 1-1: Called Strike 1-2: Ball 2-2: Foul Ball, location: 2F 2-2: Ball 3-2: Ground out 5-3 (Groundball, 56)
|
Batting: RHB Jeremiah Soto
|
0-0: Ball 1-0: Called Strike 1-1: Foul Ball, location: 2F 1-2: Ball 2-2: Strikes out swinging
|
Batting: RHB Dan Bailey
|
0-0: Ball 1-0: Foul Ball, location: 2F 1-1: Ball 2-1: Foul Ball, location: 2F 2-2: Strikes out looking
|
Top of the 8th over - 0 run(s), 0 hit(s), 0 error(s), 0 left on base; Georgia 10 - Maryland 3 |
BOTTOM OF THE 8TH |
Maryland Terrapins batting - Pitching for Georgia Bulldogs : RHP Stan Roberts
|
Now in CF: Mike White
|
|
Batting: RHB Bill Smith
|
0-0: Called Strike 0-1: Foul Ball, location: 2F 0-2: Foul Ball, location: 2F 0-2: Ball 1-2: Ball 2-2: Foul Ball, location: 2F 2-2: Ball 3-2: Base on Balls
|
Batting: SHB Caden Keith
|
0-0: Foul Ball, location: 2F 0-1: Foul Ball, location: 2F 0-2: Ball 1-2: Ball 2-2: Foul Ball, location: 2F 2-2: Foul Ball, location: 2F 2-2: Ball 3-2: Foul Ball, location: 2F 3-2: Foul Ball, location: 2F 3-2: Foul Ball, location: 2F 3-2: Foul Ball, location: 2F 3-2: 2-RUN HOME RUN (Flyball, 78XD), Distance : 368 ft
|
Batting: RHB Glenn Carroll
|
0-0: Ball 1-0: Ball 2-0: Called Strike 2-1: Foul Ball, location: 2F 2-2: Strikes out swinging
|
Batting: LHB Armando Torres
|
0-0: Ball 1-0: Called Strike 1-1: Called Strike 1-2: Foul Ball, location: 2F 1-2: Ball 2-2: Ball 3-2: Foul Ball, location: 2F 3-2: Strikes out swinging
|
Batting: SHB Frank Johnston
|
0-0: Ground out 6-3 (Groundball, 6M)
|
Bottom of the 8th over - 2 run(s), 1 hit(s), 0 error(s), 0 left on base; Georgia 10 - Maryland 5 |
TOP OF THE 9TH |
Georgia Bulldogs batting - Pitching for Maryland Terrapins : RHP Tommy Holmes
|
Batting: RHB Alex Whitehead
|
0-0: Fly out, F5 (Popup, 5SF)
|
Batting: LHB Marv Alexander
|
0-0: Ball 1-0: Swinging Strike 1-1: Ball 2-1: Ball 3-1: Fly out, F8 (Flyball, 8LM)
|
Batting: RHB Bryce Dougherty
|
0-0: Called Strike 0-1: Fly out, F5 (Line Drive, 56)
|
Top of the 9th over - 0 run(s), 0 hit(s), 0 error(s), 0 left on base; Georgia 10 - Maryland 5 |
BOTTOM OF THE 9TH |
Maryland Terrapins batting - Pitching for Georgia Bulldogs : RHP Stan Roberts
|
Batting: SHB Tom Johnson
|
0-0: Called Strike 0-1: Ground out U3 (Groundball, 3)
|
Batting: RHB Jesús López
|
0-0: Called Strike 0-1: Ground out 5-3 (Groundball, 56)
|
Batting: RHB Jorge Álvarez
|
0-0: Called Strike 0-1: Ball 1-1: Swinging Strike 1-2: Foul Ball, location: 2F 1-2: Strikes out swinging
|
Bottom of the 9th over - 0 run(s), 0 hit(s), 0 error(s), 0 left on base; Georgia 10 - Maryland 5 |
|